 Dungeon Crawl Stone Soup version 0.17.1-3-g152610e (webtiles) character file.

191 Glider the Digger (level 5, -1/28 HPs)
             Began as a Gargoyle Earth Elementalist on Mar 10, 2016.
             Killed by divine providence
             ... invoked by an orc priest
              (10 damage)
             ... on level 3 of the Dungeon on Mar 11, 2016.
             The game lasted 00:30:40 (3442 turns).

Glider the Digger (Gargoyle Earth Elementalist)     Turns: 3442, Time: 00:30:40

Health: -1/28      AC:  9    Str: 12    XL:     5   Next: 70%
Magic:  4/8        EV: 12    Int: 16    God:
Gold:   215        SH:  0    Dex: 13    Spells: 3 memorised, 2 levels left

rFire  . . .     SeeInvis .     q - +0 morningstar
rCold  . . .     Clarity  .     a - +0 robe
rNeg   + . .     SustAt   .     (no shield)
rPois  ∞         Gourm    .     (no helmet)
rElec  +         Spirit   .     (no cloak)
rCorr  .         Warding  .     h - +2 pair of gloves {Dex+3}
rMut   .         Stasis   .     (no boots)
MR     .....                    (no amulet)
Stlth  ++........               (no ring)
                                (no ring)

@: not resistant to hostile enchantments, unstealthy
A: negative energy resistance 1, electricity resistance, unbreathing,
petrification resistance, rot immunity, AC +4
a: no special abilities


You were on level 3 of the Dungeon.
You were not hungry.

You visited 1 branch of the dungeon, and saw 3 of its levels.

You collected 215 gold pieces.

Inventory:

Hand Weapons
 p - a +2 dagger of freezing
 q - a +0 morningstar (weapon)
Missiles
 b - 10 stones (quivered)
Armour
 a - a +0 robe (worn)
 h - a +2 pair of gloves of dexterity (worn)
Scrolls
 e - a scroll of enchant weapon {unknown}
 g - 3 scrolls of identify {unknown}
 k - a scroll of teleportation {unknown}
 o - a scroll of fear {unknown}
 r - a scroll of remove curse {unknown}
 s - 3 scrolls of random uselessness {unknown}
Potions
 f - a potion of brilliance {unknown}
 i - a potion of cancellation {unknown}
 j - a potion of degeneration {unknown}
 n - 2 potions of invisibility {unknown}
Books
 c - a book of Geomancy

   Spells                             Type                      Level
   a - Sandblast                      Earth                        1
   b - Stoneskin                      Transmutation/Earth          2
   c - Passwall                       Transmutation/Earth          3
   d - Stone Arrow                    Conjuration/Earth            3
   e - Petrify                        Transmutation/Earth          4
   f - Lee's Rapid Deconstruction     Earth                        5
Comestibles
 d - 3 bread rations
 m - 3 fruits
 t - 2 meat rations


   Skills:
 - Level 1.5 Dodging
 + Level 2.7 Stealth
 - Level 2.0 Spellcasting
 * Level 2.8 Conjurations
 - Level 1.0 Transmutations
 * Level 6.2 Earth Magic


You had 2 spell levels left.
You knew the following spells:

 Your Spells              Type           Power        Failure   Level  Hunger
a - Sandblast             Erth           ###...       1%          1    #......
b - Stoneskin             Trmt/Erth      ##......     10%         2    ###....
c - Stone Arrow           Conj/Erth      ###...       12%         3    ###....


Dungeon Overview and Level Annotations

Branches:
Dungeon (3/15)

Altars:
Elyvilon
Nemelex Xobeh
Xom

Annotations:
D:2 Sigmund


Innate Abilities, Weirdness & Mutations

You are resistant to torment.
Your stone body is resilient (AC +4).
You are immune to poison.
You resist negative energy.
You are resistant to electric shocks.
You can survive without breathing.
You are immune to petrification.
You are immune to rotting.


Message History

The orc closely misses you. The orc completely misses you.
You closely miss the orc.
The orc is almost dead.
The orc misses you.
You closely miss the orc.
The orc is almost dead.
The orc hits you.
* * * LOW HITPOINT WARNING * * *
The orc priest calls upon Beogh to heal the orc.
The orc is healed somewhat.
The orc barely misses you.
Casting: Sandblast
Confirm with . or Enter, or press ? or * to list all spells.
Aiming: Stone Arrow
Press: ? - help, Shift-Dir - straight line, f/p - orc
Aim: an orc (heavily wounded)
The stone arrow hits the orc.
You kill the orc!
The orc priest invokes the aid of Beogh against you.
Something smites you!
You die...

#....# ......##.#
###### ...(...##?##
.....#.# #((.....#
#......####.......#
#................<#
#...#######......##
.......####.....o#
....#.#...######)#
#####.#.#.# #@#
#.#.#.# #.#
#.#.#.######.#
#.#.#........#
#.#.##########
#.#.. #####.#.#
......# #######


You could see an orc priest.

Vanquished Creatures
  Ijyb (D:3)
  An orc wizard (D:3)
  5 adders
  An adder zombie (D:1)
  3 worms
  9 orcs (D:3)
  A ball python (D:2)
  3 giant cockroaches
  10 hobgoblins
  A quokka (D:2)
  8 bats
  A giant cockroach zombie (D:1)
  5 giant newts
  12 goblins
  7 kobolds
  6 rats
74 creatures vanquished.

Notes
Turn   | Place    | Note
--------------------------------------------------------------
     0 | D:1      | Glider the Gargoyle Earth Elementalist began the quest for the Orb.
     0 | D:1      | Reached XP level 1. HP: 10/10 MP: 3/3
    45 | D:1      | Reached skill level 4 in Earth Magic
   483 | D:1      | Reached XP level 2. HP: 15/15 MP: 0/5
   798 | D:1      | Learned a level 2 spell: Stoneskin
   978 | D:1      | Found a sparkling altar of Nemelex Xobeh.
  1127 | D:1      | Reached XP level 3. HP: 15/19 MP: 6/6
  1249 | D:1      | Reached skill level 5 in Earth Magic
  1254 | D:1      | Learned a level 3 spell: Stone Arrow
  1376 | D:2      | Reached skill level 1 in Transmutations
  1663 | D:2      | Noticed Sigmund
  1712 | D:2      | Found a shimmering altar of Xom.
  1998 | D:2      | Found a white marble altar of Elyvilon.
  2066 | D:2      | Reached skill level 1 in Conjurations
  2066 | D:2      | Reached XP level 4. HP: 24/24 MP: 4/7
  2677 | D:3      | Reached skill level 6 in Earth Magic
  2677 | D:3      | Reached XP level 5. HP: 24/28 MP: 1/8
  3203 | D:3      | Noticed Ijyb
  3216 | D:3      | Killed Ijyb
  3442 | D:3      | Killed from afar by an orc priest

Action                   |  1- 3 |  4- 6 || total
-------------------------+-------+-------++-------
Melee: Unarmed           |    98 |       ||    98
       Short sword       |    74 |       ||    74
       Dagger            |     7 |    53 ||    60
       Morningstar       |       |    70 ||    70
Throw: Stone             |       |     4 ||     4
 Cast: Sandblast         |    44 |    22 ||    66
       Stoneskin         |     1 |     1 ||     2
       Stone Arrow       |       |     2 ||     2
 Stab: Sleeping          |     1 |     3 ||     4
  Eat: Chunk             |     5 |     5 ||    10
